 Dungeon Crawl Stone Soup version 0.29.1-15-g9cfb28693d (webtiles) character file.

Game seed: 2077120873495927607

23 croobank the Firebug (level 2, -6/20 HPs)
             Began as a Demonspawn Fire Elementalist on Apr 11, 2023.
             Mangled by a gnoll
             ... wielding a +0 halberd
              (12 damage)
             ... on level 2 of the Dungeon.
             The game lasted 00:03:42 (1612 turns).

croobank the Firebug (Demonspawn Fire Elementalist) Turns: 1612, Time: 00:03:42

Health: -6/20      AC:  2    Str:  8    XL:     2   Next: 75%
Magic:  1/5        EV: 12    Int: 16    God:
Gold:   58         SH:  0    Dex: 13    Spells: 2/5 levels left

rFire   . . .      SeeInvis .   b - +0 sling
rCold   . . .      Faith    .   g - orb {guile}
rNeg    . . .      Spirit   .   c - +0 robe
rPois   .          Reflect  .   (no helmet)
rElec   .          Harm     .   (no cloak)
rCorr   .          Rampage  .   (no gloves)
Will    .....                   (no boots)
Stlth   ++........              (no amulet)
HPRegen 0.06/turn               (no ring)
MPRegen 0.09/turn               (no ring)

@: no status effects
A: weakness stinger 1
a: no special abilities


You were on level 2 of the Dungeon.
You visited 1 branch of the dungeon, and saw 2 of its levels.

You collected 58 gold pieces.

Inventory:

Hand Weapons
 a - a +0 short sword
 b - a +0 sling (weapon)
 k - a +0 dagger
Armour
 c - a +0 robe (worn)
 g - an orb of guile (worn)
 h - a +0 ring mail
 j - a +0 leather armour
Scrolls
 d - 5 scrolls of identify
 f - a scroll of summoning {unknown}
 l - a scroll of vulnerability {unknown}
 m - a scroll of fear {unknown}
Potions
 e - a potion of might
 i - a potion of magic
 n - 3 potions of flight


   Skills:
 + Level 0.8 Fighting
 + Level 2.1 Dodging
 + Level 2.1 Stealth
 + Level 2.2 Spellcasting
 + Level 1.3 Conjurations
 + Level 2.8 Fire Magic


You had 2 spell levels left.
You knew the following spells:

 Your Spells              Type           Power      Damage    Failure   Level
a - Foxfire               Conj/Fire      32%        2x1d5     9%          1
b - Scorch                Fire           20%        2d6       10%         2

Your spell library contained the following spells:

 Spells                   Type           Power      Damage    Failure   Level
 Conjure Flame            Conj/Fire      8%         6-21      26%         3
 Inner Flame              Hex/Fire       6%         N/A       34%         3
 Flame Wave               Conj/Fire      8%         2d5       65%         4


Dungeon Overview and Level Annotations

Branches:
Dungeon (2/15)

Altars:


Innate Abilities, Weirdness & Mutations

You have a small tail.


Message History

There is a stone staircase leading up here.
There is a stone staircase leading down here.
You open the door.
There is an open door here.
A bat comes into view.
You shoot a sling bullet. The sling bullet hits the bat.
You kill the bat!
You hear a shout!
A gnoll comes into view. It is wielding a +0 flail.
You hear a shout! x2
You shoot a sling bullet. The sling bullet hits the gnoll.
The gnoll is heavily wounded.
You hear a shout!
You shoot a sling bullet. The sling bullet hits the gnoll.
The gnoll is almost dead.
A gnoll comes into view. It is wielding a +0 halberd.
You shoot a sling bullet.
The sling bullet hits the gnoll but does no damage.
The gnoll is almost dead.
A gnoll comes into view. It is wielding a +0 flail.
The gnoll hits you with a +0 flail! The gnoll hits you with a +0 flail.
Okay, then.
Okay, then.
As you read the scroll of identify, it crumbles to dust.
n - 3 potions of flight The gnoll hits you with a +0 flail.
* * * LOW HITPOINT WARNING * * *
Casting: Scorch (safe; 10% risk of failure)
Confirm with . or Enter, or press ? or * to list all spells.
Flames lash the gnoll.
The gnoll is heavily wounded.
The gnoll's fire resistance burns away.
You hear a shout!
Casting: Scorch (safe; 10% risk of failure)
Confirm with . or Enter, or press ? or * to list all spells.
Flames lash the gnoll.
The gnoll is burned terribly!
You kill the gnoll!
The gnoll hits you from afar with a +0 halberd!
Ouch! That really hurt!
You die...

.###...#....####..
#...#....# .
#...#....#
#...###.## .####
#...# #.. .....
#...# #### ##.##
#...######### #
#...........# #...
#....@g.....# ###.
..........g....#
...
#.#..###..###$...
...# #.. .... ..#
.#.# #.. ##..## .+
. .. .... ## #..##
#...


You could see 2 gnolls.

Vanquished Creatures
  A gnoll (D:2)
  3 endoplasms (D:1)
  4 goblins (D:1)
  4 hobgoblins
  2 ball pythons
  2 bats
  A frilled lizard (D:1)
  3 kobolds
  3 rats (D:1)
23 creatures vanquished.

Vanquished Creatures (others)
  27 foxfires (D:1)
27 creatures vanquished.

Grand Total: 50 creatures vanquished

Notes
Turn   | Place    | Note
-------+----------+-------------------------------------------
     0 | D:1      | croobank the Demonspawn Fire Elementalist began the quest
                  | for the Orb.
     0 | D:1      | Reached XP level 1. HP: 13/13 MP: 3/3
   311 | D:1      | Gained mutation: You have a small tail. [demonic ancestry]
   311 | D:1      | Reached XP level 2. HP: 20/20 MP: 3/5
   314 | D:1      | Learned a level 2 spell: Scorch
   828 | D:1      | Found a faded altar of an unknown god.
  1612 | D:2      | Mangled by a gnoll

Illustrated notes

Levels and vault maps discovered:
D:1:      dpeg_arrival_erosion, layout_loops_corners,
          shapermc_ecumenical_altar_notcrosses
D:2:      layout_basic, minmay_misc_feat_nine_boxes

Skill      XL: |  1  2 |
---------------+-------+-----
Stealth        | 2 |  2.1
Dodging        | 2 |  2.1
Fighting       | |  0.8
Spellcasting   | |  2.2
Conjurations   | |  1.3
Fire Magic     | |  2.8

Action                   || total
-------------------------++-------
Melee: Unarmed           ||     5
 Fire: Sling             ||    22
 Cast: Foxfire           ||    15
       Scorch            ||     7
  Use: Scroll            ||     2
Dodge: Dodged            ||     6
